[Event "*** Titled Tuesday 3|2 Blitz"]
[Site "Chess.com"]
[Date "2016.05.03"]
[Round "3"]
[White "GeorgMeier"]
[Black "AlexanderL"]
[Result "1/2-1/2"]
[WhiteElo "2745"]
[BlackElo "2555"]
[TimeControl "180+2"]
[EndTime "17:40:20 PDT"]
[Termination "Game drawn by agreement"]

1. Nf3 d5 2. g3 Nf6 3. Bg2 Bg4 4. h3 Bh5 5. c4 c6 6. O-O e6 7. d3 dxc4 8. dxc4 Qxd1 9. Rxd1 Nbd7 10. b3 Bc5 11.
Nc3 O-O-O 12. Bb2 h6 13. Na4 Be7 14. Bd4 Kb8 15. Ne5 Nxe5 16. Bxe5+ Ka8 17. Nc3 Bb4 18. g4 Bg6 19. a3 Be7 20. b4 Rxd1+ 21. Rxd1 Rd8 22.
Rxd8+ Bxd8 23. e4 Ne8 24. c5 f6 25. Bg3 e5 26. f4 exf4 27. Bxf4 Bc7 28. Bxc7 Nxc7 29.
Kf2 a5 30. bxa5 Na6 31. Na4 Ka7 32. Ke3 Bf7 33. Bf1 Bb3 34. Bxa6 Kxa6 35. Nc3 Kxa5 36. e5 fxe5 37. Ke4 b5 38. cxb6 Kxb6 39. Kxe5 Kc5 40.
Ne4+ Kb6 41. h4 Bd1 42. g5 c5 43. Nc3 Bf3 44. Ke6 hxg5 45. hxg5 g6 46. Kd6 c4 47. a4 Bg2 48. a5+ Kxa5 49. Kc5 Bf1 50.
Kd4 Kb4 51. Nd5+ Kb3 52. Nc3 Bd3 53. Nd5 Bf5 54. Nc3 Bd7 55. Nd5 Bc6 56. Nc3 Bb7 57.
Ne2 Ba6 58. Nc3 Kc2 59. Nd5 Kd2 60. Nc3 Kc1 61. Nd5 Kd2 62. Nc3 Bb7 63. Nb1+ Ke2 64. Nc3+ Kf3 65. Kxc4 Kf4 66. Kd4 Kxg5 67. Ke3 Kg4 68. Kf2 Kh3 69. Ne2 1/2-1/2

[Event "*** Titled Tuesday 3|2 Blitz"]
[Site "Chess.com"]
[Date "2016.05.03"]
[Round "3"]
[White "DiamondCrusher22"]
[Black "dsanchez1973"]
[Result "1-0"]
[WhiteElo "1949"]
[BlackElo "2009"]
[TimeControl "180+2"]
[EndTime "17:41:03 PDT"]
[Termination "DiamondCrusher22 won by resignation"]

1. e4 e6 2. d4 d5 3. Nd2 Be7 4. Bd3 c5 5. c3 cxd4 6. cxd4 Nc6 7. Ngf3 Nf6 8. e5 Nd7 9. O-O g5 10. Nb3 g4 11. Ne1 h5 12. Be3 Qb6 13. Nc2 a5 14.
Rb1 a4 15. Nc1 Rg8 16. Ne2 h4 17. g3 Nb4 18. Nxb4 Qxb4 19. Nf4 Nb6 20. b3 Bd8 21. bxa4 Qe7 22. Nh5 Qc7 23. Be2 Nxa4 24. Bb5+ Bd7 25.
Qb3 Nb6 26. Rfc1 Nc4 27. Bxc4 dxc4 28. Rxc4 Qa5 29. Rc5 Qa6 30. Qxb7 Qxa2 31. Rbc1 Ra7 32. Qe4 Qe2 33. Nf4 Qf3 34. Qxf3 gxf3 35. Kf1 hxg3 36.
fxg3 Be7 37. Rc7 Ra2 38. Rb7 Kf8 39. Rb8+ Kg7 40. Nh5+ Kh7 41. Rb7 Bc6 42. Rxe7 Bb5+ 43. Kg1 Rg2+ 44. Kh1 Re2 45. Nf6+ Kg6 46. Nxg8 Rxe3 47.
Nf6 f2 48. Kg2 Re2 49. Rf1 Bc6+ 50. Kh3 Bb5 51. Ng4 Rd2 52. Rxf2 Rxd4 53. Rf6+ Kg5 54. Ne3 Re4 55. Rexf7 Rxe3 56. Rg7+ Kh5 57. Kg2 Bc6+ 58.
Kf2 Rxe5 59. Rf8 Rf5+ 60. Rxf5+ exf5 61. Rf7 Be4 62. Re7 Kg6 63. h4 Kh5 64. Rg7 Bd3 65. Rg5+ Kh6 66. Ke3 Be4 67. Kf4 Bb1 68. Rxf5 Kg6 69.
Rg5+ Kf6 70. g4 Bc2 71. h5 Bd1 72. Ra5 Kg7 73. Kg5 Be2 74. Ra7+ Kg8 75. Kf5 Bd3+ 76. Kf6 Bc4 77. g5 Bb3 78. g6 Kh8 79. h6 Bg8 80.
h7 Bf7 81. Ra8+ 1-0

[Event "*** Titled Tuesday 3|2 Blitz"]
[Site "Chess.com"]
[Date "2016.05.03"]
[Round "3"]
[White "destroyer305"]
[Black "PowerThinking2650"]
[Result "0-1"]
[WhiteElo "2243"]
[BlackElo "2184"]
[TimeControl "180+2"]
[EndTime "17:41:43 PDT"]
[Termination "PowerThinking2650 won on time"]

1. e4 e5 2. Nf3 Nc6 3. d4 exd4 4. Bc4 Nf6 5. e5 d5 6. Bb5 Ne4 7. Nxd4 Bd7 8. Bxc6 bxc6 9. O-O Bc5 10. f3 Ng5 11. f4 Ne4 12. Be3 Bb6 13. Nc3 Nxc3 14. bxc3 O-O 15. Qd2 Qe7 16. Nb3 Bf5 17. Rae1 Be4 18.
a4 f6 19. exf6 Qxf6 20. a5 Bxe3+ 21. Rxe3 Qg6 22. Rg3 Qd6 23. Qd4 g6 24. Qd2 c5 25.
Qf2 c4 26. Nd4 c5 27. Nb5 Qc6 28. Na3 Rab8 29. Nb1 Rb2 30. Rc1 Qf6 31. Nd2 Qxf4 32. Qe1 Rxc2 33. Rxc2 Bxc2 34. Qe6+ Qf7 35. Qe1 Bd3 36. Nf3 Be4 37. Ne5 Qf4 38. Ng4 h5 39. Nf2 Kh7 40. Re3 Re8 41. h3 Rf8 42. Qd2 d4 43. cxd4 cxd4 44. Re2 Qxd2 45. Rxd2 Rxf2 46. Kxf2 d3 47. Ke3 c3 48. Rxd3 Bxd3 49. Kxd3 Kh6 50.
Kxc3 Kg5 51. a6 Kf4 52. Kb4 Kg3 53. Kc5 Kxg2 54. h4 Kg3 55. Kc6 Kxh4 56. Kb7 g5 57. Kxa7 g4 58. Kb7 g3 59. a7 g2 60. a8=Q g1=Q 61.
Qd8+ Kh3 62. Qd3+ Qg3 63. Qf5+ Qg4 64. Qd3+ Kh2 65. Qd6+ Qg3 66. Qd1 h4 67. Kc6 h3 68.
Kd5 Kg2 69. Qe2+ Qf2 70. Qg4+ Kh2 71. Qd1 Qg1 72. Qd3 Qg2+ 73. Ke6 Qg4+ 74. Kf6 Kg2 75. Qd2+ Kg3 76. Qe1+ Kg2 77. Qd2+ Kg1 78. Qe1+ Kh2 79. Qf2+ Qg2 80. Qf4+ Qg3 81. Qd2+ Kg1 82. Qd1+ Kg2 83. Qa4 h2 0-1

[Event "*** Titled Tuesday 3|2 Blitz"]
[Site "Chess.com"]
[Date "2016.05.03"]
[Round "3"]
[White "ArnaudovP"]
[Black "Penguininja"]
[Result "0-1"]
[WhiteElo "2385"]
[BlackElo "2215"]
[TimeControl "180+2"]
[EndTime "17:42:06 PDT"]
[Termination "Penguininja won by resignation"]

1. e4 e5 2. Nf3 Nc6 3. Bc4 Bc5 4. d3 Nf6 5. O-O a6 6. Nbd2 Ba7 7. c3 d6 8. h3 O-O 9. a4 Be6 10. b4 Qd7 11. Qe2 Rfe8 12. Bxe6 Qxe6 13. Nc4 d5 14. Ncd2 d4 15. cxd4 Nxd4 16. Nxd4 Bxd4 17. Rb1 Nd7 18. Nf3 Ba7 19. Be3 Bxe3 20. fxe3 f6 21. Nh4 Nf8 22.
Nf5 Rad8 23. Qc2 Rd7 24. Rfd1 Red8 25. d4 exd4 26. exd4 g6 27. d5 Qe5 28. Nh6+ Kg7 29. Ng4 Qd6 30. Rf1 Rf7 31. Qc3 Nd7 32. Rf2 h5 33.
Ne3 Ne5 34. Nc4 Nxc4 35. Qxc4 Re8 36. Rbf1 Qe5 37. Rf4 g5 38. Rf5 Qxe4 39. Qc1 Qe3+ 40.
Qxe3 Rxe3 41. Rc1 Re4 42. Rb1 Rd4 43. a5 Kg6 44. Rff1 Rxd5 45. Rfc1 Re7 46. Rc4 c6 47. Rf1 Re2 48. Kh1 Rb2 49. Re4 Rdd2 50. Re6 Rf2 51.
Rxf2 Rxf2 52. Re7 Rf5 53. Rxb7 Rb5 54. Rb6 Kf5 55. Kh2 g4 56. Kg3 Kg5 57. h4+ Kf5 58. Rxa6 Rxb4 59. Rxc6 Rb3+ 60. Kh2 Ra3 61. Rc5+ Kf4 62.
Rc4+ Ke3 63. Rc5 Kf4 64. Rb5 Ra1 65. g3+ Ke3 66. Rb3+ Ke2 67. Rb6 Rxa5 68. Rxf6 Ke3 69. Rf1 Ra2+ 70. Kg1 Re2 71. Kh1 Rf2 72. Ra1 Kf3 73.
Ra3+ Ke4 74. Kg1 Rd2 75. Kf1 Rd3 76. Ra5 Kf3 77. Rf5+ Kxg3 78. Rxh5 Rd1+ 79. Ke2 Rh1 80. Rh8 Rxh4 81. Rb8 Rh1 82. Rb4 Ra1 83. Rb3+ Kh2 84. Kf2 Ra2+ 85. Kf1 g3 86. Rb1 g2+ 0-1

[Event "*** Titled Tuesday 3|2 Blitz"]
[Site "Chess.com"]
[Date "2016.05.03"]
[Round "4"]
[White "StellarChessPro"]
[Black "FLchessplayer"]
[Result "1-0"]
[WhiteElo "2276"]
[BlackElo "2051"]
[TimeControl "180+2"]
[EndTime "17:44:54 PDT"]
[Termination "StellarChessPro won by resignation"]

1. d4 c5 2. d5 d6 3. c4 g6 4.
Nc3 Bg7 5. e4 Nf6 6. f3 e5 7.
Be3 O-O 8. Qd2 a6 9. g4 Nfd7 10. h4 f5 11. Bh6 f4 12. Bxg7 Kxg7 13. g5 h6 14. gxh6+ Kxh6 15. O-O-O Rh8 16. Nh3 Kg7 17. Ng5 Nf6 18. Bh3 Bxh3 19. Rxh3 Qe7 20. Rg1 Rh6 21. Qg2 Nbd7 22. Ne6+ Kh7 23. h5 Rg8 24. hxg6+ 1-0

[Event "*** Titled Tuesday 3|2 Blitz"]
[Site "Chess.com"]
[Date "2016.05.03"]
[Round "4"]
[White "AlexanderL"]
[Black "jk13"]
[Result "1-0"]
[WhiteElo "2563"]
[BlackElo "2420"]
[TimeControl "180+2"]
[EndTime "17:45:14 PDT"]
[Termination "AlexanderL won by checkmate"]

1. d4 Nf6 2. Bg5 Ne4 3. Bf4 Nc6 4. e3 d5 5. Nd2 Bf5 6. Ngf3 e6 7. c3 Bd6 8. Bg3 O-O 9. Nh4 Nxg3 10. hxg3 Bg6 11. Qg4 e5 12. Nxg6 fxg6 13. Qe6+ Kh8 14. Qxg6 h6 15. Bd3 e4 16. Nxe4 Ne7 17. Rxh6+ gxh6 18. Qxh6+ Kg8 19. Ng5 Rf7 20. Bh7+ Rxh7 21. Qxh7+ Kf8 22. Qf7# 1-0

[Event "*** Titled Tuesday 3|2 Blitz"]
[Site "Chess.com"]
[Date "2016.05.03"]
[Round "4"]
[White "andryusha"]
[Black "ArnaudovP"]
[Result "1-0"]
[WhiteElo "2189"]
[BlackElo "2373"]
[TimeControl "180+2"]
[EndTime "17:45:15 PDT"]
[Termination "andryusha won by resignation"]

1. e4 e5 2. Nf3 Nc6 3. Nc3 Nf6 4.
d4 exd4 5. Nd5 Be7 6. Bd3 O-O 7.
Nxe7+ Qxe7 8. O-O h6 9. e5 Ng4 10. Re1 d6 11. exd6 Qxd6 12. h3 Nf6 13. a3 Be6 14. b4 Bd5 15. b5 Bxf3 16. Qxf3 Ne5 17. Qxb7 Rfb8 18. Qa6 Qxa6 19. bxa6 Nxd3 20. cxd3 Rb3 21.
Bf4 Nd5 22. Be5 c5 23. Bd6 Rc8 24. Re5 Nf4 25. Rxc5 Rd8 26. Bxf4 1-0

[Event "*** Titled Tuesday 3|2 Blitz"]
[Site "Chess.com"]
[Date "2016.05.03"]
[Round "4"]
[White "GMG"]
[Black "Checky2015"]
[Result "0-1"]
[WhiteElo "2431"]
[BlackElo "2604"]
[TimeControl "180+2"]
[EndTime "17:45:32 PDT"]
[Termination "Checky2015 won by resignation"]

1. d4 d5 2. Bg5 h6 3. Bh4 c6 4. e3 Qb6 5. b3 e5 6. Nf3 e4 7. Nfd2 Ne7 8. Be2 Nf5 9. Bg3 Nxg3 10. hxg3 Be7 11. c4 O-O 12. Nc3 Be6 13. Qc2 f5 14. f4 Nd7 15. c5 Qc7 16. Kf2 b6 17. b4 a5 18. a3 Ra7 19. Ra2 axb4 20. axb4 Rxa2 21. Qxa2 bxc5 22. bxc5 Nxc5 23. dxc5 Bxc5 24. Na4 Bxe3+ 25. Ke1 Qa5 0-1

[Event "*** Titled Tuesday 3|2 Blitz"]
[Site "Chess.com"]
[Date "2016.05.03"]
[Round "4"]
[White "zane33"]
[Black "platy3"]
[Result "0-1"]
[WhiteElo "1986"]
[BlackElo "2644"]
[TimeControl "180+2"]
[EndTime "17:46:19 PDT"]
[Termination "platy3 won by checkmate"]

1. e4 c5 2. d4 cxd4 3. c3 Nf6 4. e5 Nd5 5. Nf3 e6 6. Bc4 Nb6 7. Bb3 Nc6 8. O-O d5 9. exd6 Bxd6 10. cxd4 O-O 11. Nc3 h6 12. a3 Ne7 13. Nb5 Bb8 14. Qe2 Nbd5 15. Rd1 Nf5 16. Qe4 Nf6 17. Qd3 Qb6 18.
Ne5 a6 19. Nc3 Qxb3 20. Qh3 Ne4 21. Rd3 Nxc3 22. Rxc3 Qd1# 0-1

[Event "*** Titled Tuesday 3|2 Blitz"]
[Site "Chess.com"]
[Date "2016.05.03"]
[Round "4"]
[White "Quiet_Desperation"]
[Black "fourqueens13"]
[Result "1/2-1/2"]
[WhiteElo "2275"]
[BlackElo "2265"]
[TimeControl "180+2"]
[EndTime "17:47:18 PDT"]
[Termination "Game drawn by agreement"]

1. e4 c5 2. Nf3 Nc6 3. d4 cxd4 4. Nxd4 e5 5. Nb5 d6 6. N1c3 a6 7. Na3 b5 8. Nd5 Nge7 9. c4 Nd4 10. Bd3 Nxd5 11.
cxd5 Be7 12. O-O O-O 13. Be3 Bf6 14. Nc2 Nxc2 15. Qxc2 Bd7 16. Rac1 Rc8 17. Qd2 Qe7 18. Qa5 Ra8 19. Rc7 Qe8 20. Rfc1 Bd8 21. Bb6 Bxc7 22.
Rxc7 Qe7 23. a4 Rfc8 24. axb5 axb5 25. Rxc8+ Rxc8 26. h3 f5 27. exf5 e4 28. Bxb5 Bxf5 29. Bc6 Rf8 30. Bd4 Qg5 31. Qc3 1/2-1/2

[Event "*** Titled Tuesday 3|2 Blitz"]
[Site "Chess.com"]
[Date "2016.05.03"]
[Round "4"]
[White "vinceyoung15"]
[Black "GrigorGrigorov"]
[Result "0-1"]
[WhiteElo "2209"]
[BlackElo "2526"]
[TimeControl "180+2"]
[EndTime "17:47:23 PDT"]
[Termination "GrigorGrigorov won by resignation"]

1. e4 e5 2. Nf3 Nc6 3. Bb5 Nf6 4. d3 Bc5 5. c3 O-O 6. Nbd2 d6 7. Nf1 Ne7 8. Ng3 Ng6 9. d4 Bb6 10. O-O Bg4 11. Be3 a6 12. Ba4 Nh4 13. dxe5 Bxf3 14. gxf3 dxe5 15. Qxd8 Raxd8 16. f4 Bxe3 17. fxe3 Ng4 18.
Rae1 Rd2 19. fxe5 Rg2+ 20. Kh1 Rxh2+ 21. Kg1 Rg2+ 22. Kh1 Rxg3 23. Bb3 Nxe5 0-1

[Event "*** Titled Tuesday 3|2 Blitz"]
[Site "Chess.com"]
[Date "2016.05.03"]
[Round "4"]
[White "HansCoolNiemann"]
[Black "davidarenas1224"]
[Result "1-0"]
[WhiteElo "2296"]
[BlackElo "2175"]
[TimeControl "180+2"]
[EndTime "17:47:51 PDT"]
[Termination "HansCoolNiemann won by resignation"]

1. d4 Nf6 2. c4 g6 3. Nc3 Bg7 4. e4 d6 5. Nf3 O-O 6. Be2 e5 7. dxe5 dxe5 8. Qxd8 Rxd8 9. Bg5 Re8 10. O-O-O c6 11. Nxe5 Na6 12. f4 Nc5 13. Bf3 a5 14. Rhe1 h6 15. Bh4 g5 16. Bf2 Na6 17.
g3 gxf4 18. gxf4 h5 19. Rg1 Kf8 20. Na4 Bh6 21. Be3 Rxe5 22. Nb6 Rb8 23. Rd8+ Re8 24. Rxe8+ Nxe8 25. Bxh5 Nb4 26. Bc5+ 1-0

[Event "*** Titled Tuesday 3|2 Blitz"]
[Site "Chess.com"]
[Date "2016.05.03"]
[Round "4"]
[White "SabinaFoisor"]
[Black "Assasin14"]
[Result "1-0"]
[WhiteElo "2197"]
[BlackElo "2043"]
[TimeControl "180+2"]
[EndTime "17:48:44 PDT"]
[Termination "SabinaFoisor won by checkmate"]

1. d4 d5 2. c4 c6 3. Nc3 Nf6 4. Nf3 e6 5. Bg5 Nbd7 6. e3 dxc4 7. Bxc4 Be7 8. O-O O-O 9. Qe2 b5 10. Bd3 a6 11. Rac1 c5 12. Bb1 Qb6 13. Rfd1 Bb7 14.
e4 cxd4 15. Nxd4 h6 16. Bh4 Bc5 17. Nb3 Bd6 18. Qd3 Be5 19. Bg3 Bxg3 20. Qxg3 Rac8 21.
e5 Nd5 22. Ne4 Rxc1 23. Nxc1 Nc5 24. Nf6+ Kh8 25. Nh5 g6 26. Nf6 Qc7 27. Ng4 Kg7 28. h3 Nd7 29. Nd3 Rc8 30. Nf4 Nxf4 31. Qxf4 Qc6 32. Qxh6+ Kg8 33. f3 Qc5+ 34. Kh1 Rd8 35.
Rxd7 Rxd7 36. Nf6# 1-0

[Event "*** Titled Tuesday 3|2 Blitz"]
[Site "Chess.com"]
[Date "2016.05.03"]
[Round "4"]
[White "Boryboy"]
[Black "howitzer14"]
[Result "1/2-1/2"]
[WhiteElo "2528"]
[BlackElo "2237"]
[TimeControl "180+2"]
[EndTime "17:48:47 PDT"]
[Termination "Game drawn by repetition"]

1. d4 Nf6 2. Nf3 g6 3. g3 Bg7 4.
Bg2 d5 5. O-O O-O 6. c3 b6 7. a4 Bb7 8. a5 c5 9. Bf4 e6 10. Qc1 Qe7 11. Bh6 Rc8 12. Bxg7 Kxg7 13. Qf4 Nbd7 14. a6 Bc6 15. Nbd2 Bb5 16. Rfe1 cxd4 17. cxd4 Rc2 18. b3 Rac8 19. e4 dxe4 20. Nxe4 Nxe4 21. Rxe4 Nf6 22. Ree1 Nd5 23. Qe5+ Qf6 24. h4 h6 25. Qxf6+ Kxf6 26. Ne5 Rd2 27. Ng4+ Kg7 28. Bxd5 exd5 29. Re7 Rcc2 30. Rxa7 h5 31.
Ne3 Ra2 32. Rxa2 Rxa2 33. f4 Ra1+ 34. Kf2 Ra2+ 35. Kg1 Ra1+ 36. Kg2 Bxa6 37. Kh2 Ra2+ 38. Kg1 Ra1+ 39. Kf2 Ra2+ 40. Kg1 Ra1+ 41. Kf2 Ra2+ 42. Kg1 1/2-1/2

[Event "*** Titled Tuesday 3|2 Blitz"]
[Site "Chess.com"]
[Date "2016.05.03"]
[Round "4"]
[White "Beca95"]
[Black "Mornar1951"]
[Result "1-0"]
[WhiteElo "2552"]
[BlackElo "2499"]
[TimeControl "180+2"]
[EndTime "17:48:54 PDT"]
[Termination "Beca95 won by resignation"]

1. d4 d5 2. c4 e6 3. Nf3 Nf6 4.
Nc3 Be7 5. Bg5 h6 6. Bxf6 Bxf6 7. e3 O-O 8. Qc2 Na6 9. O-O-O c5 10. dxc5 Qa5 11. cxd5 Nxc5 12. Nd4 exd5 13. Kb1 Be6 14. Bd3 Rac8 15. Qd2 Nxd3 16. Qxd3 Rc4 17. Nce2 Rfc8 18. b3 R4c5 19. Qd2 Qa3 20. Rc1 Bg4 21. f3 Bh5 22. Nf4 Bg6+ 23. Nxg6 fxg6 24. Rxc5 Rxc5 25. Rc1 Rxc1+ 26. Qxc1 Qxc1+ 27. Kxc1 Bxd4 28. exd4 Kf7 29. Kd2 Ke6 30. Kc3 a5 31. b4 axb4+ 32. Kxb4 Kd6 33. Kb5 g5 34. Kb6 1-0

[Event "*** Titled Tuesday 3|2 Blitz"]
[Site "Chess.com"]
[Date "2016.05.03"]
[Round "4"]
[White "Newlight1"]
[Black "GeorgMeier"]
[Result "0-1"]
[WhiteElo "2245"]
[BlackElo "2746"]
[TimeControl "180+2"]
[EndTime "17:49:17 PDT"]
[Termination "GeorgMeier won by resignation"]

1. e4 e6 2. d4 d5 3. Nd2 dxe4 4. Nxe4 Nd7 5. Nf3 Ngf6 6. Bd3 c5 7. Nxf6+ Nxf6 8. c3 cxd4 9. cxd4 Bb4+ 10. Bd2 Bxd2+ 11. Qxd2 O-O 12. O-O b6 13. Rac1 Bb7 14. Ne5 Qd5 15. Nf3 Rac8 16. Rxc8 Rxc8 17. Rc1 Rxc1+ 18. Qxc1 Qd6 19. Qe3 h6 20. h3 Kf8 21. Qe5 Ke7 22.
Nd2 g5 23. Nc4 Qxe5 24. dxe5 Nd7 25. g3 b5 26. Nd6 Nxe5 27. Nxb7 Nxd3 28. b3 Nc1 29. a4 Nxb3 30. axb5 Nd4 31. Na5 Nxb5 32.
Kg2 Kd6 33. Kf3 f5 34. g4 Kc5 35. Ke3 Nd6 36. Nb3+ Kd5 37. Nd2 Nc4+ 0-1

[Event "*** Titled Tuesday 3|2 Blitz"]
[Site "Chess.com"]
[Date "2016.05.03"]
[Round "4"]
[White "dsanchez1973"]
[Black "SidArun"]
[Result "0-1"]
[WhiteElo "2000"]
[BlackElo "1982"]
[TimeControl "180+2"]
[EndTime "17:49:34 PDT"]
[Termination "SidArun won by resignation"]

1. e4 c6 2. d4 d5 3. e5 Bf5 4. Nf3 e6 5. Be2 c5 6. c4 dxc4 7. Bxc4 Nc6 8. Be3 cxd4 9. Nxd4 Nge7 10. O-O Nxd4 11. Bxd4 Nc6 12. Bc3 Qxd1 13. Rxd1 Bc5 14. Nd2 O-O 15. Nf3 Rfd8 16. a3 a5 17. Bb5 Bg4 18.
Bxc6 Rxd1+ 19. Rxd1 bxc6 20. Rd7 Bxf3 21. gxf3 h6 22.
Rc7 Ra6 23. Kg2 Rb6 24. Bxa5 Rxb2 25. Be1 Bxa3 26. Rxc6 Re2 27. Kf1 Rxe5 28. Bd2 Rd5 29. Be3 Kh7 30. Kg2 Kg6 31. Ra6 Bd6 32. h3 Be5 33. f4 Bf6 34. Kf3 e5 35. Ke4 Rb5 36. f5+ Kh7 37. Ra7 Rb4+ 38. Kf3 Rh4 39. Kg3 Rh5 40.
Rxf7 Rxf5 41. f4 exf4+ 42. Kg4 fxe3 43. Kxf5 e2 44. Rxf6 gxf6 0-1

[Event "*** Titled Tuesday 3|2 Blitz"]
[Site "Chess.com"]
[Date "2016.05.03"]
[Round "4"]
[White "E-Shaposhnikov"]
[Black "Mischuk_D"]
[Result "1-0"]
[WhiteElo "2461"]
[BlackElo "2430"]
[TimeControl "180+2"]
[EndTime "17:49:40 PDT"]
[Termination "E-Shaposhnikov won by resignation"]

1. Nf3 Nf6 2. c4 g6 3. Nc3 d5 4. Qa4+ Nc6 5. Nd4 Qd6 6. cxd5 Nxd5 7. Ndb5 Qb4 8. Qxb4 Ndxb4 9. Nxc7+ Kd8 10. Nxa8 Nc2+ 11.
Kd1 Nxa1 12. b3 Be6 13. Bb2 Nxb3 14. axb3 Bxb3+ 15. Kc1 Bg7 16. Nc7 Kxc7 17. Nb5+ Kb6 18. Bxg7 Rg8 19. Nd4 Na5 20. Nxb3 Nxb3+ 21. Kb2 Nxd2 22.
Bd4+ Kc6 23. g3 e5 24. Bg2+ Kb5 25. Bc3 Nc4+ 26. Kb3 b6 27. Bd5 Rc8 28. Bxf7 a5 29.
Bxc4+ Rxc4 30. Rb1 a4+ 31. Kc2+ Kc6 32. Kd3 b5 33. Bxe5 Rc5 34. Bd4 Rf5 35. f4 a3 36.
Rb3 b4 37. Rxb4 Ra5 38. Rb6+ Kc7 39. Rb1 a2 40. Ra1 Kc6 41. Bc3 Ra4 42. Kc2 Kd5 43. Kb3 Ra8 44. Rxa2 Rb8+ 45. Kc2 Ke4 46. Kd2 Rd8+ 47.
Ke1 Ke3 48. Ra4 h5 49. Bd2+ Rxd2 50. Ra3+ Rd3 51. Rxd3+ 1-0

[Event "*** Titled Tuesday 3|2 Blitz"]
[Site "Chess.com"]
[Date "2016.05.03"]
[Round "4"]
[White "jcibarra"]
[Black "asms9699"]
[Result "1-0"]
[WhiteElo "2585"]
[BlackElo "2364"]
[TimeControl "180+2"]
[EndTime "17:49:50 PDT"]
[Termination "jcibarra won by resignation"]

1. e4 e6 2. d4 d5 3. Bd3 c5 4.
exd5 Qxd5 5. Nc3 Qd8 6. Nf3 Nf6 7. O-O Nc6 8. dxc5 Bxc5 9. a3 O-O 10. b4 Bd6 11. Bb2 Ne5 12. Nxe5 Bxe5 13. Qe2 Qc7 14. Nb5 Bxh2+ 15. Kh1 Qf4 16. Bxf6 gxf6 17. Qh5 f5 18. Qxh2 Qg5 19. Qg3 Qxg3 20. fxg3 Bd7 21. Nd6 Bc6 22. Rae1 Rad8 23. Nc4 Bd5 24. Ne3 Bc6 25. g4 fxg4 26.
Nxg4 Kg7 27. b5 Bd7 28. Nf6 Bc8 29. Re3 Rh8 30. Rg3+ Kf8 31. Nxh7+ Ke7 32. Kg1 f5 33. Rg7+ Kd6 34. Ng5 Rhg8 35. Nf7+ Kd5 36. Rxg8 Rxg8 37. Re1 Rg7 38. Ne5 Kc5 39. Kf2 a6 40. bxa6 bxa6 41. g3 Rh7 42. Nf3 Rc7 43. Ke3 Kd6 44. Kf4 Rc3 45. Ne5 Bb7 46. Nc4+ Ke7 47. Ke3 Bd5 48. Kd4 1-0

[Event "*** Titled Tuesday 3|2 Blitz"]
[Site "Chess.com"]
[Date "2016.05.03"]
[Round "4"]
[White "MinhGTrAn"]
[Black "viktorskliarov"]
[Result "1-0"]
[WhiteElo "2619"]
[BlackElo "2448"]
[TimeControl "180+2"]
[EndTime "17:49:52 PDT"]
[Termination "MinhGTrAn won by resignation"]

1. d4 Nf6 2. c4 e6 3. Nc3 Bb4 4. e3 b6 5. Ne2 Ne4 6. f3 Nxc3 7.
bxc3 Bd6 8. e4 c5 9. e5 Bc7 10. Ng3 d6 11. Bd3 Bb7 12. d5 dxe5 13. dxe6 fxe6 14.
O-O O-O 15. Qc2 Qh4 16. Be4 Bxe4 17. Nxe4 Nc6 18. Bg5 Qh5 19. Rad1 h6 20. Be3 Rad8 21. Rxd8 Rxd8 22. Rd1 Qe8 23. Bxh6 Rxd1+ 24. Qxd1 Na5 25. Qc2 Nxc4 26. Ng5 g6 27. Qe4 b5 28. Qb7 Qd7 29. Qa8+ Bd8 30. Nxe6 Qxe6 31. Qxd8+ Kh7 32. Bf8 Nb6 33.
Bxc5 Qxa2 34. Qe7+ Kh6 35. Be3+ 1-0

[Event "*** Titled Tuesday 3|2 Blitz"]
[Site "Chess.com"]
[Date "2016.05.03"]
[Round "4"]
[White "jposthuma"]
[Black "PedroLeRobot"]
[Result "0-1"]
[WhiteElo "2144"]
[BlackElo "2468"]
[TimeControl "180+2"]
[EndTime "17:50:09 PDT"]
[Termination "PedroLeRobot won on time"]

1. d4 Nf6 2. c4 b6 3. f3 Bb7 4. e4 e6 5. Bd3 d5 6. cxd5 exd5 7. e5 Nfd7 8. f4 Qh4+ 9. g3 Qe7 10. Nc3 c5 11. Nf3 g6 12. Be3 Bg7 13. O-O f5 14. Qd2 O-O 15. Be2 c4 16. Nb5 a6 17. Nd6 Bc6 18.
Rfc1 b5 19. Qa5 Qd8 20. Bd2 Nb6 21. Bb4 N8d7 22. Bc5 Na4 23. Qxd8 Rfxd8 24. b4 Nf8 25.
Bd1 Nxc5 26. bxc5 Ne6 27. a3 Bh6 28. Kf2 Rdb8 29. Rcb1 a5 30. h4 Bf8 31. Ke3 b4 32.
axb4 axb4 33. Rxa8 Bxa8 34. Ba4 b3 35. Bd7 Nc7 36.
Ng5 c3 37. Rh1 b2 38. h5 c2 39. hxg6 c1=Q+ 40. Kf3 Qxh1+ 0-1

[Event "*** Titled Tuesday 3|2 Blitz"]
[Site "Chess.com"]
[Date "2016.05.03"]
[Round "4"]
[White "Kawhi_Leonard2"]
[Black "DiamondCrusher22"]
[Result "1-0"]
[WhiteElo "2116"]
[BlackElo "1944"]
[TimeControl "180+2"]
[EndTime "17:50:25 PDT"]
[Termination "Kawhi_Leonard2 won by resignation"]

1. e4 e5 2. Nf3 Nc6 3. Bb5 Nf6 4.
O-O Nxe4 5. d4 Nd6 6. Bxc6 dxc6 7.
dxe5 Nf5 8. Qxd8+ Kxd8 9. Nc3 h6 10. h3 Be6 11. b3 Be7 12. Bb2 Kc8 13. g4 Nh4 14.
Nd4 Bd7 15. f4 Bc5 16. Ne4 Bb6 17. Kh2 h5 18. Kg3 Ng6 19. Nf5 Bxf5 20. gxf5 Ne7 21.
f6 Nf5+ 22. Kh2 gxf6 23. Nxf6 Ne3 24. Rf3 Nxc2 25. Rg1 Bxg1+ 26. Kxg1 Kd8 27. Rd3+ Ke7 28. Rd7+ Ke6 29. Rxc7 Rab8 30. Ne4 Kf5 31. Nd6+ Kxf4 32. Rxf7+ Ke3 33. e6 Rhg8+ 34. Kh2 Ne1 35. Bg7 Nf3+ 36. Kg3 h4+ 37. Kg4 Ne5+ 38. Kxh4 Nxf7 39. exf7 Rxg7 40. Nf5+ Ke4 41. Nxg7 Rf8 42. Ne6 Rh8+ 43. Kg5 Ke5 44. f8=Q Rxf8 45. Nxf8 1-0

[Event "*** Titled Tuesday 3|2 Blitz"]
[Site "Chess.com"]
[Date "2016.05.03"]
[Round "4"]
[White "attack2mateU"]
[Black "AkshatChandra"]
[Result "0-1"]
[WhiteElo "2449"]
[BlackElo "2695"]
[TimeControl "180+2"]
[EndTime "17:50:33 PDT"]
[Termination "AkshatChandra won by resignation"]

1. e4 c5 2. Ne2 Nc6 3. d4 cxd4 4.
Nxd4 Qc7 5. Nc3 e6 6. f4 a6 7. Be3 b5 8. Bd3 Bb7 9. Qf3 Nf6 10. Nb3 d5 11. O-O b4 12. exd5 bxc3 13. dxc6 Bxc6 14.
Qh3 cxb2 15. Rab1 Ba3 16. Bd4 Rd8 17. Kh1 Bb5 18. Bxb5+ axb5 19. f5 O-O 20. fxe6 fxe6 21. Qxe6+ Kh8 22. Bxb2 Bxb2 23. Rxb2 Ng4 24. Rxf8+ Rxf8 25.
g3 Qb7+ 26. Kg1 h5 27. Nd4 Qa7 28. c3 Qa3 29. Re2 Qc1+ 30. Re1 Qxc3 31. Qe4 Qc5 32. Kh1 Nf2+ 0-1

[Event "*** Titled Tuesday 3|2 Blitz"]
[Site "Chess.com"]
[Date "2016.05.03"]
[Round "4"]
[White "ZEN-22"]
[Black "Zlatan56"]
[Result "0-1"]
[WhiteElo "2398"]
[BlackElo "2589"]
[TimeControl "180+2"]
[EndTime "17:51:08 PDT"]
[Termination "Zlatan56 won by resignation"]

1. e4 d6 2. d4 g6 3. Nc3 Bg7 4. Be3 a6 5. f3 b5 6. a3 Nd7 7. d5 Bb7 8. Bd4 Ngf6 9. Nge2 c5 10. dxc6 Bxc6 11. Ng3 O-O 12. Bd3 Nc5 13. O-O Qc7 14. b4 Ne6 15. Bf2 Ng4 16. Nd5 Bxd5 17. fxg4 Bc4 18. Rb1 Rac8 19. h3 Bxd3 20. cxd3 Qc2 21. Rb3 Qxd1 22. Rxd1 Rc2 23. Kf1 Rfc8 24. Ne2 Ra2 25. Rc1 Rxc1+ 26. Nxc1 Rc2 27. Ne2 Rb2 28. Rxb2 Bxb2 29. Be3 Bxa3 30. Bd2 Bb2 31. Ke1 d5 32. Kd1 dxe4 33. dxe4 Kf8 34. Kc2 Be5 35. Be3 Ke8 36. Kb3 Kd7 37. Ng1 Nd8 38. Nf3 Nc6 39. Ng5 f6 40.
Nxh7 Ke8 41. h4 Kf7 42. h5 gxh5 43. gxh5 Kg7 44. Ng5 fxg5 45. Bxg5 Bd6 46. Bd2 Ne5 47. Kc3 Nc6 48. Kb3 Bg3 49. Kc2 e5 50. Kb3 Bf4 51.
Be1 Kh6 52. g4 Kg5 53. h6 Kxh6 54. Bh4 Kg6 55. Kc3 Bg5 56. Bf2 Be7 57. Bc5 Bxc5 58. bxc5 Kg5 0-1

[Event "*** Titled Tuesday 3|2 Blitz"]
[Site "Chess.com"]
[Date "2016.05.03"]
[Round "4"]
[White "GianmarcoVaR"]
[Black "brauliocuarta"]
[Result "1-0"]
[WhiteElo "2334"]
[BlackElo "2110"]
[TimeControl "180+2"]
[EndTime "17:51:09 PDT"]
[Termination "GianmarcoVaR won by checkmate"]

1. c4 Nf6 2. d4 c5 3. d5 b5 4.
cxb5 a6 5. bxa6 g6 6. Nc3 Bxa6 7. g3 Bg7 8. Bg2 d6 9. Nf3 O-O 10. O-O Nbd7 11. Qc2 Ra7 12. Rd1 Qa8 13. Bf4 Bc4 14.
e4 Bxa2 15. b3 Bxb3 16. Rxa7 Bxc2 17. Rxa8 Rxa8 18. Rc1 Bxe4 19. Re1 Bxf3 20. Bxf3 Kf8 21. Kg2 h6 22. h4 Ne8 23. Ne4 Nc7 24. Nxd6 Na6 25.
Nc4 Nb4 26. d6 e6 27. Bxa8 Nd3 28. Rb1 Bd4 29. Bc6 Nf6 30. Bxh6+ Kg8 31. Be3 Bxe3 32.
fxe3 Nb4 33. Rxb4 cxb4 34. d7 Nxd7 35. Bxd7 b3 36. Ba4 Kg7 37. Bxb3 Kf6 38. e4 Ke7 39. e5 f6 40. g4 fxe5 41. Nxe5 Kf6 42. Nd7+ Ke7 43.
Nc5 e5 44. Kf3 Kf6 45. g5+ Kf5 46. Be6# 1-0